 Dungeon Crawl Stone Soup version 0.27.0-1-g7a089689b8 (webtiles) character file.

Game seed: 4854024260468800873

9827 ZombieSheep the Fighter (level 11, -11/85 HPs)
             Began as a Black Draconian Transmuter on Aug 3, 2021.
             Was a Believer of Hepliaklqana.
             Killed from afar by an acid dragon (13 damage)
             ... with a splash of acid
             ... on level 10 of the Dungeon.
             The game lasted 00:30:48 (12949 turns).

ZombieSheep the Fighter (DrTm)                     Turns: 12949, Time: 00:30:48

Health: -11/85     AC:  3    Str: 12    XL:     11   Next: 28%
Magic:  22/22      EV: 14    Int: 17    God:    Hepliaklqana [**....]
Gold:   473        SH:  5    Dex: 12    Spells: 18/25 levels left

rFire    . . .     SeeInvis .     - Unarmed
rCold    . . .     Faith    .   (no shield)
rNeg     . . .     Spirit   .   (armour unavailable)
rPois    .         Reflect  +   (helmet restricted)
rElec    +         Harm     .   (no cloak)
rCorr    .         Rampage  .   (no gloves)
Will     .....                  (no boots)
Stlth    +.........             i - amulet of reflection
HPRegen  0.24/turn              x - ring of flight
MPRegen  0.18/turn              (no ring)

@: corroded, flying
A: reduced essence, breathe lightning, AC +7, unfitting armour, electricity
resistance, cold-blooded
a: Breathe Lightning, Renounce Religion, Recall Ancestor, Ancestor Identity


You were on level 10 of the Dungeon.
You worshipped Hepliaklqana.
Hepliaklqana was pleased with you.
You visited 1 branch of the dungeon, and saw 10 of its levels.
You also visited: Bailey.

You collected 473 gold pieces.

Inventory:

Missiles
 f - 30 poisoned darts
 l - 3 throwing nets
Jewellery
 e - an amulet of regeneration
 i - an amulet of reflection (around neck)
 j - a ring of ice
 v - a +6 ring of strength
 x - a ring of flight (left hand)
 y - a +6 ring of dexterity
Wands
 b - a wand of paralysis (7)
 d - a wand of flame (20)
 g - a wand of acid (3)
 m - a wand of iceblast (10)
 p - a wand of polymorph (13)
 w - a wand of charming (8)
Scrolls
 a - 2 scrolls of brand weapon
 c - 4 scrolls of teleportation
 h - a scroll of fog
 q - a scroll of holy word
 t - 2 scrolls of enchant weapon
 u - a scroll of magic mapping
Potions
 k - 5 potions of attraction
 n - 6 potions of curing
 o - a potion of might {unknown}
 r - a potion of mutation {unknown}
 s - 2 potions of heal wounds
 z - a potion of brilliance {unknown}


   Skills:
 + Level 8.8 Fighting
 + Level 7.4 Dodging
 + Level 8.5 Unarmed Combat
 + Level 7.5 Spellcasting
 + Level 8.2 Transmutations
 - Level 1.5 Poison Magic


You had 18 spell levels left.
You knew the following spells:

 Your Spells              Type           Power      Damage    Failure   Level
b - Spider Form           Tmut/Pois      11%        N/A       4%          3
c - Ice Form              Ice/Tmut       20%        N/A       21%         4

Your spell library contained the following spells:

 Spells                   Type           Power      Damage    Failure   Level
 Beastly Appendage        Tmut           68%        N/A       1%          1
 Wereblood                Tmut           34%        N/A       1%          2
 Ignite Poison            Fire/Tmut/Pois 17%        N/A       9%          3
 Call Canine Familiar     Summ           6%         N/A       32%         3
 Conjure Flame            Conj/Fire      6%         6-21      32%         3
 Portal Projectile        Hex/Tloc       12%        N/A       32%         3
 Leda's Liquefaction      Hex/Erth       3%         N/A       73%         4
 Sticky Flame             Conj/Fire      6%         2d3       73%         4


Dungeon Overview and Level Annotations

Branches:
Dungeon (10/15)            Temple (0/1) D:6            Lair (0/6) D:9
 Bailey (visited)
    Orc: D:9-12

Altars:
Cheibriados
Elyvilon
Gozag
Hepliaklqana
Nemelex Xobeh
Sif Muna
Trog
Uskayaw
Vehumet
Xom
The Shining One

Annotations:
D:4 3 runed translucent doors, tizzy's ghost, weakling DsDe
D:9 1 runed translucent door, 1 transporter, sleevener's ghost, journeyman DrTm


Innate Abilities, Weirdness & Mutations

Your life essence is reduced to manifest your ancestor. (-10% HP)
You can breathe wild blasts of lightning.
Your glossy black scales are hard. (AC +7)
You cannot fit into any form of body armour.
You are resistant to electric shocks. (rElec)
You are cold-blooded and may be slowed by cold attacks.


Message History

Unknown command.
You hit the orc warrior but do no damage.
The orc warrior is severely wounded.
The orc warrior closely misses you. The orc hits you with a +0 whip.
The orc priest mumbles some strange prayers to Beogh against you.
Beogh smites you!
You hit the orc warrior.
The orc warrior looks as sick as possible!
The orc warrior is severely wounded.
Njabulo barely misses the orc warrior.
Njabulo hits the orc warrior with a +0 dagger of draining!
The orc warrior dies!
Njabulo points at the orc priest and mumbles some strange words.
The orc priest seems to slow down.
Njabulo hits the orc priest with a +0 dagger of draining!
Njabulo drains the orc priest.
The orc priest dies!
Njabulo hits the orc with a +0 dagger of draining.
Njabulo drains the orc.
The orc dies!
The acid dragon spits acid at you. The splash of acid hits you!
The acid corrodes you!
You are splashed with acid!
* * * LOW HITPOINT WARNING * * *
You hear an angry buzzing noise.
Your transformation has ended.
Njabulo hits the acid dragon with a +0 dagger of draining.
Njabulo hits the acid dragon with a +0 dagger of draining.
Njabulo drains the acid dragon.
Njabulo hits the acid dragon with a +0 dagger of draining.
Njabulo drains the acid dragon.
The acid dragon spits acid at you. The splash of acid hits you!
* * * LOW HITPOINT WARNING * * *
You are splashed with acid!
* * * LOW HITPOINT WARNING * * *
There is a stone staircase leading up here.
Njabulo closely misses the orc.
The acid dragon spits acid at you. The splash of acid hits you!
You die...

......## .>.....# ##########
......)# #......R.# ##.....#
####.######.# ##...##
#....#......# #...#
#.#.........#
###...########^#.....###.#
..................######.#
###...########..@........#
#...# ######.#.#.##############
##.## #........................
#...##...PPPP..PPPP.._..PPPP..P
#...##.........................
#8_8#..........>....)).######.#
############.#Do.#####.#### #.#
#.#..R#####....###.#
#.#......##.........


You could see the friendly Njabulo the hexer, an acid dragon (catching breath,
drained, ally target) and an orc.

Vanquished Creatures
  A hydra (D:9)
  3 two-headed ogres (D:9)
  A manticore (D:8)
  2 hornets
  2 water moccasins
  A black bear (D:4)
  5 orc warriors
  3 sky beasts
  An ice beast (D:7)
  2 ogres
  4 centaurs
  5 phantoms
  A kobold brigand (D:10)
  2 bullfrogs
  3 scorpions
  A water moccasin zombie (D:6)
  A wyvern zombie (D:8)
  5 wights (D:9)
  2 howler monkeys
  5 orc priests
  A bullfrog zombie (D:5)
  2 hounds
  2 jellies (D:4)
  Ijyb (D:4)
  A gnoll shaman (D:4)
  3 iguanas
  14 orc wizards
  Natasha (twice) (D:3)
  A hound zombie (D:5)
  A hound skeleton (D:4)
  A howler monkey zombie (D:9)
  7 adders
  9 gnolls
  A howler monkey skeleton (D:7)
  2 white imps
  3 worms
  2 dart slugs
  29 orcs
  7 ball pythons
  10 endoplasms
  2 giant cockroaches
  7 goblins
  7 hobgoblins
  11 jackals
  2 quokkas
  6 bats
  A frilled lizard (D:1)
  12 kobolds
  6 rats
203 creatures vanquished.

Vanquished Creatures (collateral kills)
  Harold (D:9)
  2 two-headed ogres
  3 orc warriors
  A necrophage (D:8)
  A centaur (D:7)
  A bullfrog (D:7)
  An orc priest (D:10)
  A bullfrog skeleton (D:6)
  4 orc wizards
  An adder (D:6)
  5 orcs
21 creatures vanquished.

Vanquished Creatures (others)
  2 hexers (D:9)
2 creatures vanquished.

Grand Total: 226 creatures vanquished

Notes
Turn   | Place    | Note
-------+----------+-------------------------------------------
     0 | D:1      | ZombieSheep the Draconian Transmuter began the quest for
                  | the Orb.
     0 | D:1      | Reached XP level 1. HP: 16/16 MP: 3/3
   199 | D:1      | Reached XP level 2. HP: 22/23 MP: 3/5
  1132 | D:2      | Reached XP level 3. HP: 29/29 MP: 4/6
  1242 | D:2      | Learned a level 3 spell: Spider Form
  1465 | D:2      | Found a faded altar of an unknown god.
  2108 | D:3      | Noticed a centaur
  2116 | D:3      | Killed a centaur
  2117 | D:3      | Reached skill level 1 in Poison Magic
  2117 | D:3      | Reached XP level 4. HP: 36/37 MP: 5/7
  2117 | D:3      | Reached XP level 5. HP: 41/42 MP: 5/8
  2601 | D:3      | Noticed Natasha
  2606 | D:3      | Killed Natasha
  2708 | D:3      | Noticed Natasha
  2712 | D:3      | Killed Natasha
  2848 | D:4      | Noticed Ijyb
  2848 | D:4      | Noticed a phantom
  2901 | D:4      | Found a runed translucent gate.
  2901 | D:4      | Found a runed translucent gate.
  2910 | D:4      | Noticed a phantom
  2910 | D:4      | Noticed a centaur
  2940 | D:3      | Reached XP level 6. HP: 50/50 MP: 8/10
  3218 | D:4      | Your scales start taking on a glossy black colour.
  3218 | D:4      | Reached XP level 7. HP: 20/57 MP: 8/12
  3218 | D:4      | Gained mutation: You are resistant to electric shocks.
                  | (rElec) [Black Draconian growth]
  3424 | D:4      | Killed Ijyb
  3831 | D:4      | Found a white marble altar of Elyvilon.
  3834 | D:4      | Found a hide-covered altar of Uskayaw.
  4070 | D:4      | Found a runed translucent gate.
  4072 | D:4      | Noticed tizzy's ghost (weakling DsDe)
  4257 | D:5      | Entered Level 5 of the Dungeon
  4262 | D:5      | Reached skill level 5 in Unarmed Combat
  4306 | D:5      | Reached XP level 8. HP: 67/67 MP: 11/14
  4495 | D:5      | Found a snail-covered altar of Cheibriados.
  4496 | D:5      | Found a bloodstained altar of Trog.
  4662 | D:4      | Found a shimmering blue altar of Sif Muna.
  4662 | D:4      | Found a radiant altar of Vehumet.
  4666 | D:4      | Found a hazy altar of Hepliaklqana.
  4674 | D:4      | Became a worshipper of Hepliaklqana the Forgotten
  4998 | D:5      | Learned a level 4 spell: Ice Form
  5196 | D:5      | Reached skill level 5 in Fighting
  5205 | D:5      | Reached skill level 5 in Transmutations
  5860 | D:5      | Reached skill level 5 in Spellcasting
  6223 | D:6      | Reached skill level 5 in Dodging
  6223 | D:6      | Reached XP level 9. HP: 74/75 MP: 13/16
  6261 | D:6      | Reached * piety under Hepliaklqana
  6405 | D:6      | Found a staircase to the Ecumenical Temple.
  6734 | D:6      | Found a glowing golden altar of the Shining One.
  8639 | D:8      | Noticed a two-headed ogre
  8650 | D:8      | Killed a two-headed ogre
  8966 | D:8      | Reached ** piety under Hepliaklqana
  8967 | D:8      | Remembered your ancestor Njabulo as a hexer
  9049 | D:8      | Noticed a manticore
  9105 | D:8      | Killed a manticore
  9106 | D:8      | Reached XP level 10. HP: 44/77 MP: 15/19
  9822 | D:9      | Noticed Harold
  9912 | D:9      | Killed Harold
 10134 | D:9      | Noticed a seven-headed hydra
 10135 | D:9      | Paralysed by a hornet for 1 turns
 10151 | D:9      | Killed a seven-headed hydra
 10203 | D:9      | Noticed a two-headed ogre
 10375 | D:9      | Killed a two-headed ogre
 10535 | D:9      | Found a flagged portal.
 10543 | Bailey   | Entered a bailey
 10544 | Bailey   | Noticed an orc knight
 10544 | Bailey   | Noticed an orc knight
 10653 | D:9      | Found a staircase to the Lair.
 10973 | D:9      | Noticed sleevener's ghost (journeyman DrTm)
 10975 | D:9      | Found a runed translucent door.
 11523 | D:9      | Noticed a two-headed ogre
 11719 | D:9      | Killed a two-headed ogre
 11720 | D:9      | Reached XP level 11. HP: 63/85 MP: 18/21
 11946 | D:9      | Found a sparkling altar of Nemelex Xobeh.
 11946 | D:9      | Found a transporter.
 11946 | D:9      | Noticed an eight-headed hydra
 11947 | D:9      | Noticed a centaur warrior
 12023 | D:9      | Noticed a two-headed ogre
 12046 | D:9      | Killed a two-headed ogre
 12224 | D:10     | Entered Level 10 of the Dungeon
 12484 | D:10     | Noticed a two-headed ogre
 12496 | D:10     | Killed a two-headed ogre
 12768 | D:10     | Found an opulent altar of Gozag.
 12812 | D:10     | Found a shimmering altar of Xom.
 12947 | D:10     | HP: 2/85 [acid (13)]
 12949 | D:10     | Killed from afar by an acid dragon

Illustrated notes

Levels and vault maps discovered:
D:1:      nicolae_arrival_memento_mori, layout_basic, minmay_heptomino_o4
D:2:      layout_basic, shapermc_ecumenical_altar_venn,
          kennysheep_generic_room_9
D:3:      minmay_spotlight, layout_basic, uniq_natasha
D:4:      layout_loops_ring, nicolae_overflow_hidden_temple,
          ebering_ghost_rock_garden, minmay_manual_mares, uniq_ijyb
D:5:      layout_cave_pools, grunt_temple_overflow_open,
          minmay_chambers_of_fives
D:6:      layout_basic, mainiacjoe_overflow_cross_hatched,
          minmay_temple_entry_gardened_gates
D:7:      layout_cave_pools, sigmund_army
D:8:      layout_basic
D:9:      layout_loops_ring, grunt_nemelex_the_gamble, enter_bailey_2,
          ebering_ghost_inner_flame, uniq_harold
D:10:     layout_basic, gammafunk_temple_of_torment,
          mainiacjoe_overflow_boulevard, grunt_gozag_breadcrumbs

Skill      XL: |  1  2  3  4  5  6  7  8  9 10 11 |
---------------+----------------------------------+-----
Dodging        | 2 3 4 5 6 7 |  7.4
Fighting       | 2 3 4 5 7 8 |  8.8
Poison Magic   | 1 |  1.5
Transmutations | 3 4 5 6 7 8 |  8.2
Unarmed Combat | 4 5 6 7 8 |  8.5
Spellcasting   | 3 4 5 6 7 |  7.5

Action                   |  1- 3 |  4- 6 |  7- 9 | 10-12 || total
-------------------------+-------+-------+-------+-------++-------
Melee: Unarmed           |   150 |   145 |   374 |   178 ||   847
       Kick              |    20 |    10 |     5 |       ||    35
       Headbutt          |    15 |     8 |     6 |       ||    29
       Tailslap          |    12 |    11 |     8 |     1 ||    32
       Punch             |     1 |     2 |     1 |     1 ||     5
 Cast: Beastly Appendage |    22 |    12 |     5 |       ||    39
       Spider Form       |       |     5 |    33 |    12 ||    50
       Ice Form          |       |       |     2 |     9 ||    11
Invok: Recall Ancestor   |       |       |     2 |     1 ||     3
       Ancestor Life: He |       |       |     1 |       ||     1
       Ancestor Identity |       |       |     1 |       ||     1
 Abil: Breathe Lightning |       |       |     4 |       ||     4
       End Transformatio |       |       |       |     1 ||     1
Evoke: Wand              |       |     2 |       |       ||     2
  Use: Scroll            |     7 |     4 |     3 |     3 ||    17
       Potion            |       |       |     2 |       ||     2
 Stab: Sleeping          |     1 |       |       |       ||     1
       Distracted        |       |       |     1 |     3 ||     4
       Confused          |       |       |     1 |     1 ||     2
Armor: Skin              |    46 |    49 |    48 |    15 ||   158
Dodge: Dodged            |    99 |   159 |   282 |    91 ||   631
Block: Other             |       |       |    79 |    18 ||    97
       Reflection        |       |       |     6 |       ||     6
